 Dungeon Crawl Stone Soup version 0.28-b1-70-g80dc712255 (webtiles) character file.

Game seed: 1667872985090364714

11110 adizb the Fighter (level 11, -1/86 (90) HPs)
             Began as a Demonspawn Berserker on Feb 3, 2022.
             Was a High Priest of Trog.
             Killed by divine providence
             ... invoked by a smoke demon
             ... summoned by an orc sorcerer
              (15 damage)
             ... while paralysed by an orc sorcerer
             ... on level 2 of the Orcish Mines.
             The game lasted 00:58:39 (7967 turns).

adizb the Fighter (Demonspawn Berserker)            Turns: 7967, Time: 00:58:40

HP:   -1/86 (90)    AC: 31    Str: 28    XL:     11   Next: 45%
MP:   11/11         EV:  2    Int:  9    God:    Trog [*****.]
Gold: 658           SH:  0    Dex: 26    Spells: 10/10 levels left

rFire   + . .      SeeInvis .   N - +9 rapier of Hiahat {venom, *Slow rCorr Str+9 Int-4}
rCold   . . .      Faith    +   (no shield)
rNeg    . . .      Spirit   .   M - +15 Maxwell's patent armour {-Cast -Tele rElec Will+ rCorr}
rPois   .          Reflect  .   d - +1 helmet {Int+3}
rElec   +          Harm     .   J - scarf {shadows}
rCorr   +          Rampage  .   (no gloves)
Will    +....      NoTele   +   o - +0 pair of boots
Stlth   ++........ NoCast   +   h - amulet of faith
HPRegen 0.24/turn               B - ring of Tennei {rElec rF+ Int+2}
MPRegen 0.12/turn               x - +6 ring of dexterity

@: paralysed, mighty, lightly drained
A: thin skeletal structure 2, powered by pain 1
a: Renounce Religion, Berserk, Trog's Hand, Brothers in Arms


You were on level 2 of the Orcish Mines.
You worshipped Trog.
Trog was extremely pleased with you.
You visited 2 branches of the dungeon, and saw 11 of its levels.
You also visited: Sewer and Bailey.

You collected 999 gold pieces.
You spent 341 gold pieces at shops.

Inventory:

Hand Weapons
 y - a +2 demon whip of venom
 z - a +2 morningstar of draining
 N - the +9 rapier of Hiahat (weapon) {venom, *Slow rCorr Str+9 Int-4}
   (You found it in a bailey)

   It poisons the flesh of those it strikes.
   Str:       It affects your strength (+9).
   Int:       It affects your intelligence (-4).
   rCorr:     It protects you from acid and corrosion.
   *Slow:     It may slow you when you take damage.
Missiles
 f - 2 javelins
 r - 10 poisoned darts
 u - 4 silver javelins (quivered)
Armour
 d - a +1 helmet of intelligence (worn)
 o - a +0 pair of boots (worn)
 p - a +0 helmet
 D - the +2 ring mail of Apouwaveig {rCorr Dex+2}
   (You found it on level 7 of the Dungeon)

   Dex:       It affects your dexterity (+2).
   rCorr:     It protects you from acid and corrosion.
 E - a +0 cloak
 J - a scarf of shadows (worn)
 M - the +15 Maxwell's patent armour (worn) {-Cast -Tele rElec Will+ rCorr}
   (You found it in a bailey)

   rElec:     It insulates you from electricity.
   -Cast:     It prevents spellcasting.
   -Tele:     It prevents most forms of teleportation.
   rCorr:     It protects you from acid and corrosion.
   Will:      It increases your willpower.
 Q - the +7 scale mail of the End {+Blink Will+ Str-2 Dex+2 SInv}
   (You found it in a bailey)

   Str:       It affects your strength (-2).
   Dex:       It affects your dexterity (+2).
   SInv:      It lets you see invisible.
   +Blink:    It lets you blink.
   Will:      It increases your willpower.
Jewellery
 h - an amulet of faith (around neck)
 t - a ring of fire
 x - a +6 ring of dexterity (right hand)
 B - the ring of Tennei (left hand) {rElec rF+ Int+2}
   (You found it on level 8 of the Dungeon)

   [ring of protection from fire]

   Int:       It affects your intelligence (+2).
   rF:        It protects you from fire.
   rElec:     It insulates you from electricity.
 C - a ring of flight
 I - a ring of resist corrosion
 K - a ring of magical power
Wands
 A - a wand of paralysis (9)
 L - a wand of iceblast (2)
Scrolls
 a - 2 scrolls of noise {unknown}
 b - 11 scrolls of teleportation
 c - a scroll of enchant armour {unknown}
 e - 2 scrolls of fear
 g - 3 scrolls of torment {unknown}
 i - 2 scrolls of immolation {unknown}
 k - 2 scrolls of magic mapping {unknown}
 s - 3 scrolls of enchant weapon {unknown}
 G - a scroll of silence {unknown}
 H - a scroll of holy word {unknown}
Potions
 j - a potion of lignification
 l - 2 potions of invisibility
 m - 6 potions of flight
 n - a potion of curing
 q - 6 potions of haste
 w - 3 potions of magic
 F - 2 potions of degeneration {unknown}
 P - a potion of cancellation {unknown}
 R - a potion of resistance {unknown}
Miscellaneous
 v - a phial of floods


   Skills:
 * Level 9.7 Fighting
 * Level 3.8 Short Blades
 - Level 6.2 Maces & Flails
 * Level 7.2 Armour
 + Level 6.4 Dodging
 + Level 7.4 Stealth
 - Level 5.3 Unarmed Combat


You had 10 spell levels left.
You didn't know any spells.
Your spell library was empty.

Dungeon Overview and Level Annotations

Branches:
Dungeon (9/15)             Temple (0/1) D:5             Orc (2/2) D:9
  Sewer (visited)          Bailey (visited)
   Lair: D:8-11         Elf: Orc:2

Altars:
Cheibriados
Beogh

Shops:
D:2 *   D:7 (((


Innate Abilities, Weirdness & Mutations

You have a moderately thin skeletal structure. (Dex +4, Stealth++)
You sometimes gain a little power by taking damage.


Message History

The smoke demon gestures at you. The ball of steam misses you.
You closely miss the orc sorcerer.
The orc sorcerer gestures at you while chanting.
The bolt of fire hits you. You resist. The smoke demon gestures at you.
Something smites you!
You hit the orc sorcerer.
The orc sorcerer is poisoned.
The orc sorcerer is lightly wounded.
The orc sorcerer hits you with a +0 dagger.
You hit the orc sorcerer.
The orc sorcerer looks as sick as possible!
The orc sorcerer is moderately wounded.
The orc sorcerer hits you with a +0 dagger.
The smoke demon closely misses you.
The smoke demon hits you but does no damage. x2
You puncture the orc sorcerer!
The orc sorcerer looks as sick as possible!
The orc sorcerer is severely wounded.
The orc sorcerer hits you but does no damage.
The smoke demon closely misses you. The smoke demon completely misses you.
The smoke demon hits you but does no damage.
You hit the orc sorcerer but do no damage.
The orc sorcerer looks as sick as possible!
The orc sorcerer is severely wounded.
The orc sorcerer casts a spell at you.
You suddenly lose the ability to move!
The smoke demon barely misses you.
The smoke demon hits you but does no damage.
The smoke demon hits you.
The orc sorcerer gestures at you while chanting.
The bolt of negative energy hits you!!
You feel drained.
* * * LOW HITPOINT WARNING * * *
You focus on the pain.
You feel very mighty all of a sudden.
The smoke demon hits you but does no damage. x3
The orc sorcerer hits you with a +0 dagger.
* * * LOW HITPOINT WARNING * * *
The smoke demon gestures at you. Something smites you!
You die...

#^.# .. #..######.##
##...#.#....# ##
##...........##.#
#######.....#..........
....................#.$
..............$........
.......................
................@o...#
................3...#..
...................##
.......<.............
......................
.......................
....................<..
...............
...............


You could see a smoke demon (summoned) and an orc sorcerer (extremely poisoned).

Vanquished Creatures
  Pikel (D:8)
  2 orc knights (Orc:1)
  An ugly thing (D:9)
  2 cyclopes (Orc:1)
  A gargoyle (Bailey)
  Maggie (D:9)
  A troll (Orc:2)
  A hornet (D:9)
  A wyvern (D:9)
  A wraith (D:9)
  8 yaks
  A vampire (Bailey)
  3 steam dragons
  2 wargs (Orc:1)
  An acid dragon (D:9)
  6 orc warriors
  A sky beast (D:7)
  3 ice beasts
  3 necrophages
  A black bear (D:5)
  4 centaurs
  6 ogres
  2 phantoms
  A kobold brigand (D:9)
  2 bullfrogs
  Blork the orc (D:6)
  A scorpion (D:7)
  2 wyvern skeletons (D:7)
  A water moccasin skeleton (D:4)
  5 killer bees (D:8)
  7 wights
  6 wolf zombies (Bailey)
  4 vampire bats (Bailey)
  2 bullfrog zombies
  3 howler monkeys
  A jelly (D:5)
  Crazy Yiuf (D:6)
  5 orc priests
  2 hounds
  2 iguanas (D:7)
  A scorpion zombie (D:5)
  6 orc wizards
  A merfolk siren (Sewer)
  A merfolk avatar (Sewer)
  A killer bee zombie (D:7)
  Robin (D:2)
  3 howler monkey zombies
  14 adders
  A gnoll (D:7)
  3 river rats
  A shadow imp (D:7)
  2 ufetubi
  A worm (D:3)
  6 dart slugs
  28 orcs
  7 bats
  4 endoplasms
  2 giant cockroaches
  7 hobgoblins
  11 jackals
  5 quokkas
  16 ball pythons
  9 frilled lizards
  15 goblins
  14 kobolds
  18 orc zombies (Bailey)
  29 rats
306 creatures vanquished.

Vanquished Creatures (collateral kills)
  A vampire (Bailey)
  2 orc warriors (Orc:1)
  4 killer bees (D:8)
  4 vampire bats (Bailey)
  3 orc zombies (Bailey)
  2 adders (Sewer)
  4 orcs (Orc:1)
  A frilled lizard (Sewer)
21 creatures vanquished.

Grand Total: 327 creatures vanquished

Notes
Turn   | Place    | Note
-------+----------+-------------------------------------------
     0 | D:1      | adizb the Demonspawn Berserker began the quest for the Orb.
     0 | D:1      | Reached XP level 1. HP: 18/18 MP: 1/1
    14 | D:1      | You fall into a shaft and drop 1 floor!
   154 | D:1      | Gained mutation: You sometimes gain a little power by
                  | taking damage. [demonic ancestry]
   154 | D:1      | Reached XP level 2. HP: 6/24 MP: 2/2
   718 | D:1      | Reached ** piety under Trog
   767 | D:2      | Reached XP level 3. HP: 25/29 MP: 3/3
  1060 | D:2      | Noticed Robin
  1075 | D:2      | Killed Robin
  1412 | D:2      | Found Ucoim's Assorted Antiques.
  1478 | D:2      | Reached XP level 4. HP: 10/37 MP: 4/4
  1715 | D:3      | Found a faded altar of an unknown god.
  1838 | D:3      | Noticed a centaur
  1850 | D:3      | Killed a centaur
  1851 | D:3      | Reached skill level 4 in Fighting
  1851 | D:3      | Gained mutation: You have a somewhat thin skeletal
                  | structure. (Dex +2, Stealth+) [demonic ancestry]
  1851 | D:3      | Reached XP level 5. HP: 30/43 MP: 5/5
  2066 | D:3      | Found a snail-covered altar of Cheibriados.
  2346 | D:4      | Gained mutation: You have a moderately thin skeletal
                  | structure. (Dex +4, Stealth++) [demonic ancestry]
  2346 | D:4      | Reached XP level 6. HP: 42/49 MP: 6/6
  2405 | D:4      | Reached skill level 5 in Fighting
  2405 | D:4      | Reached skill level 1 in Stealth
  2521 | D:4      | Reached *** piety under Trog
  2599 | D:4      | Reached XP level 7. HP: 49/56 MP: 7/7
  2737 | D:4      | Found a glowing drain.
  2764 | Sewer    | Entered a sewer
  2873 | Sewer    | Reached **** piety under Trog
  3324 | D:5      | Entered Level 5 of the Dungeon
  3671 | D:5      | Found a staircase to the Ecumenical Temple.
  3678 | D:5      | Reached skill level 6 in Fighting
  3863 | D:5      | Reached XP level 8. HP: 64/64 MP: 8/8
  3889 | D:5      | Reached skill level 1 in Maces & Flails
  4290 | D:6      | Noticed Blork the orc
  4299 | D:6      | Killed Blork the orc
  4546 | D:6      | Found a runed translucent door.
  4547 | D:6      | Noticed Crazy Yiuf
  4554 | D:6      | Killed Crazy Yiuf
  4693 | D:6      | Reached skill level 5 in Unarmed Combat
  4973 | D:7      | Reached XP level 9. HP: 71/71 MP: 9/9
  5005 | D:7      | Found Ahezeles's Antique Weapon Emporium.
  5020 | D:7      | Reached skill level 5 in Stealth
  5082 | D:7      | Identified the +2 ring mail of Apouwaveig {rCorr Dex+2}
  5174 | D:7      | Found Hawashe's Weapon Shop.
  5291 | D:7      | Found Qesulol's Antique Weapon Emporium.
  5631 | D:8      | Reached skill level 7 in Fighting
  5639 | D:8      | Reached skill level 5 in Armour
  5648 | D:8      | Reached skill level 5 in Dodging
  5767 | D:8      | Noticed Pikel
  5773 | D:8      | Killed Pikel
  5773 | D:8      | Reached ***** piety under Trog
  5774 | D:8      | Reached skill level 5 in Maces & Flails
  5774 | D:8      | Reached XP level 10. HP: 58/80 MP: 10/10
  5880 | D:8      | Identified the ring of Tennei {rElec rF+ Int+2}
  6038 | D:9      | Reached skill level 8 in Fighting
  6169 | D:9      | Found a flagged portal.
  6186 | Bailey   | Entered a bailey
  6321 | Bailey   | Found the +15 Maxwell's patent armour {-Cast -Tele rElec
                  | Will+ rCorr}
  6331 | Bailey   | Identified the +9 rapier of Hiahat {venom, *Slow rCorr
                  | Str+9 Int-4}
  6404 | Bailey   | Noticed a gargoyle
  6424 | Bailey   | Killed a gargoyle
  6488 | Bailey   | Identified the +7 scale mail of the End {+Blink Will+ Str-2
                  | Dex+2 SInv}
  6604 | D:9      | Reached skill level 1 in Short Blades
  6717 | D:9      | Noticed Maggie
  6739 | D:9      | Killed Maggie
  6860 | D:9      | Reached skill level 9 in Fighting
  6860 | D:9      | Found a staircase to the Orcish Mines.
  6879 | D:9      | Noticed a brown ugly thing
  6899 | D:9      | Killed a brown ugly thing
  6900 | D:9      | Reached XP level 11. HP: 64/89 MP: 11/11
  7013 | Orc:1    | Entered Level 1 of the Orcish Mines
  7284 | Orc:1    | Noticed an orc knight
  7292 | Orc:1    | Killed an orc knight
  7545 | D:2      | Bought a shiny helmet for 165 gold pieces
  7545 | D:2      | Bought a glowing scarf for 176 gold pieces
  7744 | Orc:2    | Entered Level 2 of the Orcish Mines
  7756 | Orc:2    | Noticed an orc knight
  7777 | Orc:1    | Killed an orc knight
  7956 | Orc:2    | Noticed an orc sorcerer
  7965 | Orc:2    | Paralysed by an orc sorcerer for 4 turns
  7967 | Orc:2    | Killed from afar by a smoke demon

Illustrated notes

Levels and vault maps discovered:
D:1:      lemuel_arrival_broad_hall, layout_loops_ring,
          nicolae_concentric_dashed_squares_mild
D:2:      layout_loops_corners, serial_shops, nicolae_shop_crystal,
          minmay_goblin_kobold_house, uniq_robin
D:3:      layout_loops_cross, cheibriados_altar_1, nicolae_ecumenical_oubliette
D:4:      layout_basic, portal_sewer_entry_a, kennysheep_small_spiral
D:5:      layout_basic, minmay_temple_entry_statues_pillars,
          minmay_strange_pillars
D:6:      layout_basic, uniq_blork_the_orc, uniq_crazy_yiuf_cottage
D:7:      layout_cave_pools, serial_shops, nicolae_shop_statue_plus, shop,
          nicolae_diamond_shop, minmay_strange_pillars, minmay_fractal_squares_5
D:8:      layout_cave_pools, uniq_pikel
D:9:      minmay_distorted_concentric_squares, layout_basic, enter_bailey_2,
          minmay_misc_feat_four_crosses, uniq_maggie
Orc:1:    layout_diamond_mine, mines2_david
Orc:2:    st_orc_mages, layout_caves, basic_altar

Skill      XL: |  1  2  3  4  5  6  7  8  9 10 11 |
---------------+----------------------------------+-----
Armour         | 2 3 4 5 6 7 |  7.2
Dodging        | 2 3 4 5 6 |  6.4
Unarmed Combat | 3 4 5 |  5.3
Fighting       | 4 5 6 7 9 |  9.7
Stealth        | 1 3 4 6 7 |  7.4
Maces & Flails | 3 5 6 |  6.2
Short Blades   | 2 3 |  3.8

Action                   |  1- 3 |  4- 6 |  7- 9 | 10-12 || total
-------------------------+-------+-------+-------+-------++-------
Melee: Unarmed           |   193 |   183 |   206 |       ||   582
       Punch             |     3 |     3 |    17 |    29 ||    52
       Demon whip        |       |       |   221 |   196 ||   417
       Rapier            |       |       |       |   178 ||   178
Throw: Javelin           |     2 |     8 |    21 |     4 ||    35
       Dart              |       |     5 |     6 |       ||    11
Invok: Berserk           |     2 |     3 |     2 |     4 ||    11
       Trog's Hand       |     1 |     4 |     4 |    11 ||    20
       Brothers in Arms  |       |       |     1 |     4 ||     5
  Use: Scroll            |       |       |     7 |     1 ||     8
       Potion            |       |       |       |     6 ||     6
 Stab: Sleeping          |       |     1 |     8 |     6 ||    15
       Distracted        |       |       |       |     2 ||     2
Armor: Plate armour      |   137 |    94 |    28 |   198 ||   457
       Animal skin       |       |    14 |     2 |       ||    16
       Chain mail        |       |       |   204 |       ||   204
       Ring mail         |       |       |    24 |    63 ||    87
       Skin              |       |       |       |     3 ||     3
Dodge: Dodged            |    52 |    77 |   220 |   317 ||   666
